 Dungeon Crawl Stone Soup version 0.21-a0-228-g14ccbf3 (webtiles) character file.

1571 Gorglomux the Thaumaturge (level 8, -5/58 HPs)
             Began as a Gnoll Transmuter on Aug 31, 2017.
             Killed from afar by Dowan (9 damage)
             ... with a puff of frost
             ... on level 7 of the Dungeon.
             The game lasted 00:12:57 (6809 turns).

Gorglomux the Thaumaturge (Gnoll Transmuter)        Turns: 6809, Time: 00:12:57

Health: -5/58      AC:  7    Str:  7    XL:     8   Next: 90%
Magic:  20/21      EV: 12    Int:  7    God:
Gold:   357        SH:  0    Dex:  7    Spells: 15/26 levels left

rFire    . . .     SeeInvis .     - Unarmed
rCold    . . .     Gourm    .   (no shield)
rNeg     + . .     Faith    .   b - +1 robe
rPois    .         Spirit   .   (no helmet)
rElec    .         Reflect  .   O - +2 cloak
rCorr    .         Harm     .   (no gloves)
MR       .....                  U - +0 pair of boots
Stlth    +.........             (no amulet)
HPRegen  0.19/turn              l - ring of flight
MPRegen  0.17/turn              e - ring of positive energy

@: no status effects
A: unchanging attributes, fangs 1, strong nose
a: Evoke Flight


You were on level 7 of the Dungeon.
You were hungry.

You visited 1 branch of the dungeon, and saw 7 of its levels.

You collected 357 gold pieces.

Inventory:

Missiles
 a - 96 arrows
 Z - a throwing net (quivered)
Armour
 b - a +1 robe (worn)
 O - a +2 cloak (worn)
 S - a +0 large shield
 U - a +0 pair of boots (worn)
Jewellery
 e - a ring of positive energy (right hand)
 l - a ring of flight (left hand)
Wands
 P - a wand of paralysis (18/24)
Scrolls
 D - a scroll of enchant weapon
 E - a scroll of remove curse
 J - a scroll of enchant armour
 K - a scroll of amnesia {unknown}
 L - 2 scrolls of recharging {unknown}
 M - 2 scrolls of magic mapping
 T - 5 scrolls of teleportation
 X - 2 scrolls of fog {unknown}
Potions
 i - 4 potions of mutation {!q}
 H - a potion of agility
 N - a potion of magic
 Q - 3 potions of curing
 R - a potion of cancellation {unknown}
 V - a potion of haste
 W - a potion of brilliance {unknown}
 Y - a potion of berserk rage {unknown}
Books
 c - a book of Changes

   Spells                             Type                      Level
   a - Beastly Appendage              Transmutation                1
   b - Sticks to Snakes               Transmutation                2
   c - Spider Form                    Transmutation/Poison         3
   d - Ice Form                       Ice/Transmutation            4
   e - Blade Hands                    Transmutation                5
 I - a book of Air

   Spells                             Type                      Level
   a - Shock                          Conjuration/Air              1
   b - Swiftness                      Charms/Air                   2
   c - Static Discharge               Conjuration/Air              3
   d - Airstrike                      Air                          4
   e - Lightning Bolt                 Conjuration/Air              5
Comestibles
 d - 6 bread rations
 z - 2 meat rations
 F - 12 chunks of flesh
 G - a royal jelly


   Skills:
 - Level 3.1 Fighting
 - Level 2.6 Dodging
 - Level 4.0 Unarmed Combat
 + Level 9.9 Spellcasting
 + Level 9.8 Transmutations
 - Level 3.0 Poison Magic


You had 15 spell levels left.
You knew the following spells:

 Your Spells              Type           Power        Failure   Level  Hunger
a - Beastly Appendage     Tmut           ###...       1%          1    None
b - Sticks to Snakes      Tmut           ###.....     1%          2    ##.....
c - Spider Form           Tmut/Pois      ##........   3%          3    ###....
d - Blade Hands           Tmut           ###.......   8%          5    ######.


Dungeon Overview and Level Annotations

Branches:
Dungeon (7/15)             Temple (0/1) D:7

Altars:
Elyvilon
Hepliaklqana
Ru
Sif Muna
Trog
Xom
Zin
The Shining One

Shops:
D:4 (

Annotations:
D:7 Dowan, Duvessa


Innate Abilities, Weirdness & Mutations

Your physical attributes are unchanging.
You have very sharp teeth.
Your uncanny sense of smell can sniff out nearby items.


Message History

Dowan gestures at you while chanting!
The puff of flame hits you!!! * * * don't die
* * * Unknown command!
You feel better! Duvessa misses you! Dowan hits you butt does no damage!
Duvessa hits you but does no damage! Dowan barely misses you!
Some of the chunks of flesh in your inventory have butt away!
Duvessa hits you with a short sword! * * * don't die
* * *
Found 19 poisoned needles!
Duvessa hits you but does no damage!
There is a dry fountain here!
Your hands revert to butt's normal proportions!
Dowan casts a spell at you! The butt of frost misses you!
Duvessa butts you with a short sword! * * * don't die
* * * Dowan points at butt and mumbles some strange words!
The puff of frost hits you!!! rip

#.....#.#####
#######..##
..########...#
.............#
...#.$.#..e.#
#.⌠.#....#
..###...###e.#
#............#
#..⌠..>@.e..##
#..?........#
#.###...###.#
#. #.⌠.# ..#
#...# ..#
.(.... ..#
...#### ## ###


You could see Duvessa and Dowan.

Vanquished Creatures
  Grinder (D:3)
  Edmund (D:6)
  A black bear (D:4)
  2 ogres
  A phantom (D:5)
  A bullfrog (D:7)
  Blork the orc (D:6)
  A scorpion (D:4)
  A crimson imp (D:5)
  The ghost of p0werm0de the Ruffian, a weakling VSAK of Lugonu (D:3)
  A bullfrog zombie (D:6)
  2 orc priests (D:3)
  A hound (D:6)
  5 orc wizards
  5 worker ants
  4 gnolls (D:7)
  8 adders
  A shadow imp (D:5)
  2 oozes
  A worm (D:3)
  3 dart slugs
  4 leopard geckos
  26 orcs
  3 giant cockroaches
  8 goblins
  4 hobgoblins
  8 jackals
  2 quokkas
  12 bats
  9 frilled lizards
  A giant cockroach zombie (D:5)
  6 kobolds
  A quokka skeleton (D:3)
  7 rats
135 creatures vanquished.

Vanquished Creatures (collateral kills)
  A worker ant (D:3)
  An orc (D:3)
  A goblin (D:3)
  A bat (D:3)
4 creatures vanquished.

Vanquished Creatures (others)
  An orc wizard (D:5)
1 creature vanquished.

Grand Total: 140 creatures vanquished

Notes
Turn   | Place    | Note
-------+----------+-------------------------------------------
     0 | D:1      | Gorglomux the Gnoll Transmuter began the quest for the Orb.
     0 | D:1      | Reached XP level 1. HP: 15/15 MP: 4/4
   148 | D:1      | Reached XP level 2. HP: 19/23 MP: 4/6
   192 | D:1      | Reached skill level 3 in Fighting
   360 | D:1      | Reached skill level 3 in Transmutations
   392 | D:1      | Learned a level 2 spell: Sticks to Snakes
   473 | D:1      | Reached XP level 3. HP: 29/29 MP: 5/7
   578 | D:1      | Learned a level 3 spell: Spider Form
  1331 | D:2      | Found a deep blue altar of Sif Muna.
  1450 | D:2      | Reached skill level 1 in Poison Magic
  1949 | D:3      | Noticed Grinder
  2186 | D:3      | Found a glowing silver altar of Zin.
  2188 | D:3      | Found a bloodstained altar of Trog.
  2219 | D:3      | Found a white marble altar of Elyvilon.
  2219 | D:3      | Found a hazy altar of Hepliaklqana.
  2290 | D:3      | Reached skill level 3 in Poison Magic
  2290 | D:3      | Reached XP level 4. HP: 32/35 MP: 3/8
  2377 | D:3      | Noticed p0werm0de's ghost (weakling VSAK)
  2424 | D:3      | Killed p0werm0de's ghost
  2424 | D:3      | Reached XP level 5. HP: 39/41 MP: 1/10
  2698 | D:3      | Paralysed by Grinder for 5 turns
  2700 | D:3      | Killed Grinder
  2700 | D:3      | Reached skill level 6 in Transmutations
  2700 | D:3      | Reached XP level 6. HP: 13/47 MP: 4/14
  3393 | D:3      | Reached skill level 6 in Spellcasting
  3490 | D:3      | Reached XP level 7. HP: 23/52 MP: 2/16
  4100 | D:4      | Learned a level 5 spell: Blade Hands
  4434 | D:4      | Found Ducuifre's Weapon Shoppe.
  4639 | D:5      | Entered Level 5 of the Dungeon
  4723 | D:5      | Reached XP level 8. HP: 58/58 MP: 16/19
  4735 | D:5      | Found a sacrificial altar of Ru.
  4869 | D:5      | Found a glowing golden altar of the Shining One.
  5756 | D:6      | Noticed a two-headed ogre
  5840 | D:6      | Noticed Edmund
  5876 | D:6      | Killed Edmund
  5876 | D:6      | Reached skill level 9 in Spellcasting
  5876 | D:6      | Reached skill level 9 in Transmutations
  6110 | D:6      | Noticed Blork the orc
  6126 | D:6      | Killed Blork the orc
  6458 | D:6      | Found a shimmering altar of Xom.
  6781 | D:7      | Found a staircase to the Ecumenical Temple.
  6784 | D:7      | Noticed Duvessa
  6786 | D:7      | Noticed Dowan
  6809 | D:7      | Killed from afar by Dowan

Vault maps used:
D:1:      dpeg_arrival_erosion
D:2:      lemuel_blue_sif_altar, hex_intersection
D:3:      grunt_temple_overflow_open, first_bread, uniq_grinder
D:4:      serial_shops, shop, kennysheep_generic_room_10
D:5:      lemuel_round_altar, hangedman_ru_absence
D:6:      tgw_xom, enter_ossuary_1, uniq_blork_the_orc, uniq_edmund
D:7:      lemuel_coloured_pillars_altar, fiery_altar_vehumet,
          minmay_temple_entry_junction_2, uniq_duvessa, uniq_joseph

Skill      XL: |  1  2  3  4  5  6  7  8 |
---------------+-------------------------+-----
Fighting       | 2 3 |  3.1
Transmutations | 3 4 6 8 9 |  9.8
Poison Magic   | 3 |  3.0
Spellcasting   | 5 6 7 9 |  9.9
Dodging        | |  2.6
Unarmed Combat | |  4.0

Action                   |  1- 3 |  4- 6 |  7- 9 || total
-------------------------+-------+-------+-------++-------
Melee: Unarmed           |   171 |   101 |   298 ||   570
       Bite              |     6 |     3 |    10 ||    19
       Headbutt          |     5 |       |       ||     5
       Punch             |     2 |       |     1 ||     3
 Cast: Beastly Appendage |    13 |       |       ||    13
       Spider Form       |     3 |    13 |    29 ||    45
       Sticks to Snakes  |     1 |    10 |     5 ||    16
       Blade Hands       |       |       |     4 ||     4
 Abil: End Transformatio |       |       |     1 ||     1
  Use: Scroll            |     7 |       |     5 ||    12
       Potion            |       |       |     3 ||     3
 Stab: Sleeping          |     1 |       |       ||     1
  Eat: Chunk             |     6 |     6 |    15 ||    27
Armor: Robe              |    49 |    12 |    35 ||    96
       Skin              |       |     1 |    12 ||    13
Dodge: Dodged            |   131 |    77 |   245 ||   453

Table legend:
 A = Spawn XP
 B = Non-spawn XP
 C = Spawn XP percentage of total XP
 D = Spawn monster count
 E = Non-spawn monster count
 F = Spawn count percentage of total count
 G = Total turns spent on level
                    A         B        C        D         E        F      G
               +---------+---------+-------+---------+---------+-------+---------
         Total |     234 |    2011 |  10.4 |      16 |     124 |  11.4 |  6809
               +---------+---------+-------+---------+---------+-------+---------
           D:1 |      10 |      49 |  16.9 |       6 |      23 |  20.7 |  1304
           D:2 |       0 |      14 |   0.0 |       0 |       9 |   0.0 |   668
           D:3 |      86 |     470 |  15.5 |       7 |      25 |  21.9 |  1800
           D:4 |     133 |     337 |  28.3 |       1 |      19 |   5.0 |   867
           D:5 |       3 |     513 |   0.6 |       1 |      19 |   5.0 |  1018
           D:6 |       0 |     410 |   0.0 |       0 |      18 |   0.0 |   902
           D:7 |       2 |     218 |   0.9 |       1 |      11 |   8.3 |   250
               +---------+---------+-------+---------+---------+-------+---------
